 Dungeon Crawl Stone Soup version 0.29-a0-231-g945431f764 (webtiles) character file.

Game seed: 16984846209852907256

73 sanka the Insei (level 4, 34/34 HPs)
             Began as a Gnoll Transmuter on Feb 28, 2022.
             Was a Follower of Vehumet.
             Quit the game on level 2 of the Dungeon.
             The game lasted 00:02:54 (2073 turns).

sanka the Insei (Gnoll Transmuter)                  Turns: 2073, Time: 00:02:54

Health: 34/34      AC:  3    Str: 10    XL:     4   Next: 27%
Magic:  11/11      EV: 13    Int: 14    God:    Vehumet [*.....]
Gold:   99         SH:  0    Dex: 12    Spells: 7/13 levels left

rFire   . . .      SeeInvis .     - Unarmed
rCold   . . .      Faith    .   (no shield)
rNeg    . . .      Spirit   .   a - +0 robe
rPois   .          Reflect  .   (no helmet)
rElec   .          Harm     .   d - +0 cloak
rCorr   .          Rampage  .   (no gloves)
Will    .....                   (no boots)
Stlth   ++........              (no amulet)
HPRegen 0.11/turn               (no ring)
MPRegen 0.12/turn               (no ring)

@: no status effects
A: fangs 1, strong nose, distributed training
a: Renounce Religion


You were on level 2 of the Dungeon.
You worshipped Vehumet.
Vehumet was aware of your devotion.
You visited 1 branch of the dungeon, and saw 2 of its levels.

You collected 99 gold pieces.


Innate Abilities, Weirdness & Mutations

You have very sharp teeth.
Your uncanny sense of smell can sniff out nearby items.
Your experience applies equally to all skills.


   Skills:
 + Level 2.7 Fighting
 + Level 1.1 Short Blades
 + Level 1.1 Long Blades
 + Level 1.1 Axes
 + Level 1.1 Maces & Flails
 + Level 1.1 Polearms
 + Level 1.1 Staves
 + Level 1.1 Slings
 + Level 1.1 Bows
 + Level 1.1 Crossbows
 + Level 1.1 Throwing
 + Level 1.1 Armour
 + Level 4.6 Dodging
 + Level 1.1 Stealth
 + Level 1.1 Shields
 + Level 6.6 Unarmed Combat
 + Level 5.0 Spellcasting
 + Level 0.8 Conjurations
 + Level 0.8 Hexes
 + Level 0.8 Summonings
 + Level 0.8 Necromancy
 + Level 0.8 Translocations
 + Level 3.8 Transmutations
 + Level 0.8 Fire Magic
 + Level 0.8 Ice Magic
 + Level 0.8 Air Magic
 + Level 0.8 Earth Magic
 + Level 0.8 Poison Magic
 + Level 1.2 Invocations
 + Level 1.1 Evocations


You had 7 spell levels left.
You knew the following spells:

 Your Spells              Type           Power      Damage    Failure   Level
x - Spider Form           Tmut/Pois      10%        N/A       21%         3
y - Wereblood             Tmut           14%        N/A       5%          2
z - Beastly Appendage     Tmut           28%        N/A       3%          1

Your spell library contained the following spells:

 Spells                   Type           Power      Damage    Failure   Level
 Foxfire                  Conj/Fire      24%        2x1d5     12%         1
 Slow                     Hex            24%        N/A       12%         1
 Confusing Touch          Hex            6%         N/A       36%         3
 Vampiric Draining        Necr           6%         2d6       36%         3
 Ice Form                 Ice/Tmut       10%        N/A       54%         4

Inventory:

Armour
 a - a +0 robe (worn)
 d - a +0 cloak (worn)
Magical Staves
 f - a staff of air
 h - a staff of cold
 k - a staff of poison
Scrolls
 c - 3 scrolls of identify {unknown}
 e - a scroll of fear {unknown}
 g - 4 scrolls of teleportation {unknown}
 i - a scroll of vulnerability {unknown}
 l - a scroll of acquirement {unknown}
Potions
 b - 3 potions of brilliance {unknown}
 j - a potion of haste {unknown}

Dungeon Overview and Level Annotations

Branches:
Dungeon (2/15)

Altars:
Vehumet

Shops:
D:2

( ▒.▒▒▒▒▒▒▒▒▒...▒
▒▒▒.▒▒.▒▒. ▒.▒▒
▒▒▒▒▒ ▒▒.▒.▒..
▒..▒ ▒....▒. ▒▒.▒
▒...▒▒▒ ▒.▒▒▒♣♣
▒▒▒ ▒▒...▒▒
▒..▒..♣♣ ♣♣▒..)▒
▒..▒...
▒......♣♣♣♣.'...▒
▒.▒▒▒▒▒
▒▒......♣..♣▒...▒
▒......
▒▒▒...♣g♣♣♣ ▒▒▒
▒▒▒▒▒▒. ▒▒♣♣♣♣♣
▒. ▒▒ ▒


There were no monsters in sight!


Message History

Crazy Yiuf freezes you.
* * * LOW HITPOINT WARNING * * *
You kill Crazy Yiuf!
Vehumet accepts your kill.
Your Short Blades skill increases to level 1!
Your Long Blades skill increases to level 1!
Your Axes skill increases to level 1!
Your Maces & Flails skill increases to level 1!
Your Polearms skill increases to level 1!
Your Staves skill increases to level 1!
Your Slings skill increases to level 1!
Your Bows skill increases to level 1!
Your Crossbows skill increases to level 1!
Your Throwing skill increases to level 1!
Your Armour skill increases to level 1!
Your Stealth skill increases to level 1!
Your Shields skill increases to level 1!
Your Evocations skill increases to level 1!
You have reached level 4!
You feel stronger.
Things that are here:
a +3 quarterstaff of chaos; a +0 cloak; the gnoll corpse of Crazy Yiuf You start resting.
Your transformation is almost over.
You start resting.
Your transformation has ended.
You start resting.
Magic restored.
HP restored.
Are you sure you want to abandon this character and quit the game? (Confirm with "yes".)

Action                   |  1- 3 |  4- 6 || total
-------------------------+-------+-------++-------
Melee: Unarmed           |    61 |       ||    61
       Kick              |    10 |       ||    10
       Headbutt          |     2 |       ||     2
       Bite              |     2 |       ||     2
 Cast: Beastly Appendage |    21 |       ||    21
       Spider Form       |     1 |       ||     1
       Wereblood         |     1 |       ||     1
 Stab: Sleeping          |     1 |       ||     1
Armor: Robe              |     9 |       ||     9
Dodge: Dodged            |    34 |       ||    34

Levels and vault maps discovered:
D:1:      evilmike_arrival_crescent, layout_basic, minmay_pentomino_u4
D:2:      layout_loops_ring, ebering_ecumenical_altar_box, serial_shops, shop,
          serial_park_tiny_1, uniq_crazy_yiuf_cottage

Notes
Turn   | Place    | Note
-------+----------+-------------------------------------------
     0 | D:1      | sanka the Gnoll Transmuter began the quest for the Orb.
     0 | D:1      | Reached XP level 1. HP: 17/17 MP: 6/6
   160 | D:1      | Reached XP level 2. HP: 23/23 MP: 5/7
   180 | D:1      | Learned a level 2 spell: Wereblood
  1119 | D:2      | Reached XP level 3. HP: 28/28 MP: 7/9
  1123 | D:2      | Learned a level 3 spell: Spider Form
  1190 | D:2      | Reached skill level 5 in Spellcasting
  1279 | D:2      | Found a faded altar of an unknown god.
  1288 | D:2      | Prayed at the altar of an unknown god.
  1288 | D:2      | Became a worshipper of Vehumet
  1288 | D:2      | Reached * piety under Vehumet
  1288 | D:2      | Offered knowledge of Foxfire by Vehumet.
  1391 | D:2      | Reached skill level 1 in Invocations
  1500 | D:2      | Found a runed translucent door.
  1501 | D:2      | Noticed Crazy Yiuf
  1553 | D:2      | Found Hisy's Weapon Emporium.
  1845 | D:2      | Killed Crazy Yiuf
  1846 | D:2      | Reached skill level 1 in Short Blades
  1846 | D:2      | Reached skill level 1 in Long Blades
  1846 | D:2      | Reached skill level 1 in Axes
  1846 | D:2      | Reached skill level 1 in Maces & Flails
  1846 | D:2      | Reached skill level 1 in Polearms
  1846 | D:2      | Reached skill level 1 in Staves
  1846 | D:2      | Reached skill level 1 in Slings
  1846 | D:2      | Reached skill level 1 in Bows
  1846 | D:2      | Reached skill level 1 in Crossbows
  1846 | D:2      | Reached skill level 1 in Throwing
  1846 | D:2      | Reached skill level 1 in Armour
  1846 | D:2      | Reached skill level 1 in Stealth
  1846 | D:2      | Reached skill level 1 in Shields
  1846 | D:2      | Reached skill level 1 in Evocations
  1846 | D:2      | Reached XP level 4. HP: 9/34 MP: 8/11
  2073 | D:2      | Quit the game

Vanquished Creatures
  Crazy Yiuf (D:2)
  An adder (D:2)
  2 ball pythons
  4 endoplasms
  2 goblins
  2 hobgoblins (D:2)
  6 jackals
  A quokka (D:1)
  5 bats
  A frilled lizard (D:1)
  2 kobolds (D:1)
  4 rats
31 creatures vanquished.
